 Dungeon Crawl Stone Soup version 0.31-a0-221-gbddc013574 (webtiles) character file.

Game seed: 8654590957593595057

13967 qw the Cleaver (level 12, -2/76 HPs)
             Began as a Gargoyle Fighter on July 3, 2023.
             Was an Elder of Okawaru.
             Slain by a five-headed hydra (10 damage)
             ... on level 2 of the Lair of Beasts.
             The game lasted 00:05:53 (9675 turns).

qw the Cleaver (Gargoyle Fighter)                   Turns: 9675, Time: 00:05:53

Health: -2/76      AC: 32    Str: 28    XL:     12   Next: 11%
Magic:  4/7        EV: 14    Int: 16    God:    Okawaru [****..]
Gold:   961        SH: 12    Dex:  9    Spells: 11/11 levels left

rFire   + . .        u - +2 flail (holy)
rCold   + . .        s - +0 kite shield
rNeg    + . .        x - +0 plate armour
rPois   inf          p - +2 hat
rElec   +            i - +1 cloak
rCorr   .            r - +2 pair of gloves
SInv    .            (no boots)
Will    .....        a - amulet "Qaiciwex" {rF+ Regen+ MP-9 Dex+4 Stlth+} Stlth
                     h - +5 ring of evasion
HPRegen 1.12/turn    w - ring of the Pariah {rElec rC+ Str+4 Int+6 Dex-4}
MPRegen 0.10/turn

%: no passive effects
@: about to teleport, heroic
A: sickness immunity, AC +8, negative energy resistance 1, electricity
resistance, torment resistance 1, petrification resistance, deterioration 1
a: Renounce Religion, Heroism, Finesse


You were on level 2 of the Lair of Beasts.
You worshipped Okawaru.
Okawaru was greatly pleased with you.
You visited 3 branches of the dungeon, and saw 12 of its levels.
You also visited: Ossuary.

You collected 961 gold pieces.


Innate Abilities, Weirdness & Mutations

You are immune to sickness and miasma.
Your stone body is resilient. (AC +8)
You are immune to poison.
You resist negative energy. (rN+)
You are resistant to electric shocks. (rElec)
You are resistant to unholy torment.
You are immune to petrification.
Your body sometimes deteriorates upon taking damage.


   Skills:
 - Level 9.0(14.0) Fighting
 + Level 11.8(16.8) Axes
 - Level 8.0(13.0) Armour
 - Level 2.2(7.2) Dodging
 - Level 10.0(15.0) Shields
 + Level 5.9 Invocations


You had 11 spell levels left.
You didn't know any spells.
Your spell library was empty.

Inventory:

Hand Weapons
 u - a +2 flail of holy wrath (weapon)
 Y - a +4 war axe
Armour
 i - a +1 cloak (worn)
 p - a +2 hat (worn)
 r - a +2 pair of gloves (worn)
 s - a +0 kite shield (worn)
 x - a +0 plate armour (worn)
Jewellery
 a - the amulet "Qaiciwex" (around neck) {rF+ Regen+ MP-9 Dex+4 Stlth+}
   (You acquired it on level 2 of the Dungeon)

   [amulet of regeneration]

   Dex:       It affects your dexterity (+4).
   rF:        It protects you from fire.
   MP:        It affects your magic capacity (-9).
   Regen:     It increases your rate of health regeneration.
   Stlth:     It makes you more stealthy.
 b - a ring of resist corrosion
 h - a +5 ring of evasion (left hand)
 m - a ring of fire
 q - a +4 ring of protection
 w - the ring of the Pariah (right hand) {rElec rC+ Str+4 Int+6 Dex-4}
   (You found it on level 9 of the Dungeon)

   [ring of intelligence]

   Str:       It affects your strength (+4).
   Int:       It affects your intelligence (+6).
   Dex:       It affects your dexterity (-4).
   rC:        It protects you from cold.
   rElec:     It insulates you from electricity.
Scrolls
 k - 3 scrolls of teleportation
 n - 4 scrolls of identify
Potions
 c - 4 potions of enlightenment
 d - 6 potions of might
 e - 2 potions of mutation
 g - 3 potions of haste
 j - 2 potions of curing
 l - 2 potions of cancellation
 o - 2 potions of resistance
 t - 2 potions of heal wounds
 z - a potion of lignification

Dungeon Overview and Level Annotations

Branches:
Dungeon (9/15)             Temple (1/1) D:5            Lair (2/5) D:9
Ossuary (visited)
  Swamp: Lair:2-3    Shoals: Lair:2-3     Snake: Lair:2-3    Spider: Lair:2-3
    Orc: D:9-12

Altars:
Ashenzari
Cheibriados
Dithmenos
Elyvilon
Fedhas
Gozag
Hepliaklqana
Kikubaaqudgha
Makhleb
Nemelex Xobeh
Okawaru
Qazlal
Ru
Sif Muna
Trog
Uskayaw
Vehumet
Wu Jian
Xom
Yredelemnul
Zin
The Shining One

Annotations:
D:7 2 runed translucent doors
D:8 3 runed translucent doors, qw's ghost, novice GrFi; qw's ghost, novice GrHu


Message History

The five-headed hydra barely misses you.
The five-headed hydra completely misses you.
You block the five-headed hydra's attack.
The five-headed hydra bites you but does no damage.
The cane toad closely misses you.
You hit the elephant.
The elephant is severely wounded.
The wolf bites the fungus.
The fungus begins to die.
The yak gores the fungus.
The yak gores you. The elephant closely misses you.
The elephant trunk-slaps you but does no damage.
The wyvern bites you but does no damage.
The cane toad misses you.
You block the five-headed hydra's attack. x3
The five-headed hydra bites you but does no damage.
You block the five-headed hydra's attack.
The cane toad barely misses you.
You sock the elephant!
The elephant is severely wounded.
You block the wyvern's attack.
The yak gores the fungus!!
You block the elephant's attack.
The elephant trunk-slaps you but does no damage.
The yak gores you!
The cane toad stings you but does no damage. x2
The five-headed hydra closely misses you.
The five-headed hydra bites you but does no damage. x3
The five-headed hydra bites you.
9675 ||| READING 4 scrolls of teleportation.
As you read the scroll of teleportation, it crumbles to dust.
You feel strangely unstable.
The wyvern bites you but does no damage.
The cane toad misses you. The yak gores you but does no damage.
The elephant tramples you but does no damage.
The elephant trunk-slaps you but does no damage.
The yak gores the fungus!
You block the wyvern's attack. The cane toad stings you.
You block the five-headed hydra's attack.
The five-headed hydra completely misses you.
The five-headed hydra bites you but does no damage.
The five-headed hydra bites you!
You die...

.. . . .# .. ..
P. ... .. < ....
#.#. ##...#.
..##.$###lP.....
......YF@DY.....
.......YFYh.D...
.......YYY......
................
.......[........
................
.#.#P#.#.#..####
#.####.#..## .
###


You could see a six-headed hydra, a five-headed hydra, 4 elephants, 3 yaks, 2
cane toads, a wyvern and a wolf.

Vanquished Creatures
  2 two-headed ogres (D:9)
  An elephant (Lair:2)
  A black mamba (Lair:2)
  A cane toad (Lair:1)
  A rime drake (Lair:1)
  4 komodo dragons (Lair:1)
  A troll (D:9)
  6 blink frogs (Lair:1)
  Sigmund (D:6)
  2 wyverns
  18 yaks
  Grum (D:8)
  3 steam dragons
  A basilisk (Lair:1)
  4 water moccasins
  3 orc warriors
  4 black bears
  2 ogres
  An ice beast (D:8)
  13 wolves
  3 centaurs
  2 phantoms
  8 bullfrogs
  2 scorpions (D:5)
  A gnoll sergeant (D:5)
  12 wights
  5 howler monkeys
  9 hounds
  3 orc priests
  3 gnoll boudas
  6 iguanas
  A sleepcap (D:8)
  Jessica (D:3)
  7 orc wizards
  5 hell rats (Lair:1)
  3 mummies
  18 gnolls
  6 adders
  A white imp (D:7)
  2 ufetubi
  3 adder zombies (Ossuary)
  3 worms
  4 dart slugs
  32 orcs
  6 ball pythons
  7 endoplasms
  A giant cockroach (D:2)
  11 goblins
  11 hobgoblins
  4 jackals (D:1)
  3 quokkas
  7 bats
  3 frilled lizards
  6 gnoll zombies (Ossuary)
  3 hobgoblin zombies (Ossuary)
  12 kobolds
  7 kobold zombies (Ossuary)
  4 orc zombies (Ossuary)
  5 rats
300 creatures vanquished.

Notes
Turn   | Place    | Note
-------+----------+-------------------------------------------
     0 | D:1      | qw the Gargoyle Fighter began the quest for the Orb.
     0 | D:1      | Reached XP level 1. HP: 14/14 MP: 1/1
     0 | D:1      | 0 ||| qw: Version: 0.3-a-40-ge99b1a8
     0 | D:1      | 0 ||| qw: Game counter: 607
     0 | D:1      | 0 ||| qw: Melee chars always use a shield: true
     0 | D:1      | 0 ||| qw: God list: Okawaru
     0 | D:1      | 0 ||| qw: Allow faded altars: false
     0 | D:1      | 0 ||| qw: Do Orc after clearing Dungeon:15 true
     0 | D:1      | 0 ||| qw: Do second Lair branch before Depths: true
     0 | D:1      | 0 ||| qw: Lair rune preference: random
     0 | D:1      | 0 ||| qw: Goals: Normal, Zot:1-4, Slime:5, God:TSO, Crypt,
                  | Tomb, Abyss, Pan, Hells, Win
     0 | D:1      | 0 ||| PLANNING D:1-11
    52 | D:1      | Reached skill level 2 in Axes
   128 | D:1      | Reached XP level 2. HP: 19/19 MP: 2/2
   252 | D:1      | 252 ||| Stepping ~*~*~tactically~*~*~ (stealth).
   253 | D:1      | 253 ||| Stepping ~*~*~tactically~*~*~ (stealth).
   254 | D:1      | 254 ||| Stepping ~*~*~tactically~*~*~ (stealth).
   264 | D:1      | 264 ||| Stepping ~*~*~tactically~*~*~ (stealth).
   345 | D:1      | Reached skill level 3 in Axes
   349 | D:1      | Reached XP level 3. HP: 20/23 MP: 3/3
   382 | D:1      | Found a faded altar of an unknown god.
   886 | D:1      | 886 ||| UPGRADING to +0 cloak.
   891 | D:1      | 891 ||| READING scroll labelled EROTOGR SUESS.
   892 | D:1      | 892 ||| READING scroll labelled VOFIEM YRIRELAEZACH.
   893 | D:1      | 893 ||| DRINKING 2 emerald potions.
   893 | D:1      | Gained mutation: Your body sometimes deteriorates upon
                  | taking damage. [potion of mutation]
  1202 | D:2      | 1202 ||| Stepping ~*~*~tactically~*~*~ (hiding).
  1203 | D:2      | 1203 ||| Stepping ~*~*~tactically~*~*~ (hiding).
  1345 | D:2      | 1345 ||| DROPPING +0 whip.
  1457 | D:2      | 1457 ||| Stepping ~*~*~tactically~*~*~ (stealth).
  1459 | D:2      | 1459 ||| Stepping ~*~*~tactically~*~*~ (hiding).
  1471 | D:2      | Reached XP level 4. HP: 26/28 MP: 4/4
  1530 | D:2      | 1530 ||| UPGRADING to ring of resist corrosion.
  1531 | D:2      | 1531 ||| READING scroll labelled MOCSYA SANAOLU.
  1532 | D:2      | 1532 ||| READING scroll labelled IXZETI SA UDO.
  1633 | D:2      | 1633 ||| READING scroll labelled HUSIMU LYABBOM.
  1633 | D:2      | Identified a scroll of acquirement
  1633 | D:2      | 1633 ||| ACQUIRING amulet "Qaiciwex" {rF+ Regen+ MP-9 Dex+4
                  | Stlth+}
  1633 | D:2      | Acquired the amulet "Qaiciwex" {rF+ Regen+ MP-9 Dex+4
                  | Stlth+}
  1635 | D:2      | 1635 ||| UPGRADING to amulet "Qaiciwex" {rF+ Regen+ MP-9
                  | Dex+4 Stlth+}.
  1699 | D:3      | 1699 ||| Stepping ~*~*~tactically~*~*~ (stealth).
  1701 | D:3      | 1701 ||| Stepping ~*~*~tactically~*~*~ (stealth).
  1731 | D:3      | 1731 ||| Stepping ~*~*~tactically~*~*~ (stealth).
  1733 | D:3      | 1733 ||| Stepping ~*~*~tactically~*~*~ (hiding).
  1745 | D:3      | Reached skill level 4 in Axes
  1753 | D:3      | 1753 ||| Stepping ~*~*~tactically~*~*~ (stealth).
  1770 | D:3      | Reached skill level 1 in Dodging
  1770 | D:3      | Reached XP level 5. HP: 32/32 MP: 0/5
  1794 | D:3      | 1794 ||| Stepping ~*~*~tactically~*~*~ (stealth).
  1796 | D:3      | 1796 ||| Stepping ~*~*~tactically~*~*~ (stealth).
  1900 | D:3      | Noticed Jessica
  1903 | D:3      | Killed Jessica
  1951 | D:3      | 1951 ||| Stepping ~*~*~tactically~*~*~ (stealth).
  2043 | D:3      | 2043 ||| Stepping ~*~*~tactically~*~*~ (stealth).
  2303 | D:3      | 2303 ||| UPGRADING to +1 hat.
  2308 | D:3      | 2308 ||| UPGRADING to +0 pair of gloves.
  2313 | D:3      | 2313 ||| READING scroll labelled BOM OCKIGUSIBB.
  2318 | D:3      | 2318 ||| READING scroll labelled ASTRYA PAWOU.
  2319 | D:3      | 2319 ||| READING 4 scrolls of identify.
  2319 | D:3      | 2319 ||| IDENTIFYING blue potion
  2320 | D:3      | 2320 ||| READING 3 scrolls of identify.
  2320 | D:3      | 2320 ||| IDENTIFYING murky grey potion
  2321 | D:3      | 2321 ||| READING 2 scrolls of identify.
  2321 | D:3      | 2321 ||| IDENTIFYING lumpy dark potion
  2322 | D:3      | 2322 ||| DROPPING potion of degeneration.
  2354 | D:4      | 2354 ||| PLANNING OSSUARY
  2354 | D:4      | Noticed an ogre
  2369 | D:4      | Killed an ogre
  2370 | D:4      | Reached skill level 5 in Axes
  2370 | D:4      | Reached XP level 6. HP: 30/37 MP: 0/6
  2442 | D:4      | 2442 ||| Stepping ~*~*~tactically~*~*~ (stealth).
  2444 | D:4      | 2444 ||| Stepping ~*~*~tactically~*~*~ (hiding).
  2459 | D:4      | 2459 ||| Stepping ~*~*~tactically~*~*~ (stealth).
  2463 | D:4      | 2463 ||| Stepping ~*~*~tactically~*~*~ (stealth).
  2465 | D:4      | 2465 ||| Stepping ~*~*~tactically~*~*~ (stealth).
  2560 | D:4      | Found a sand-covered staircase.
  2561 | D:4      | 2561 ||| UPGRADING to +0 kite shield.
  2571 | D:4      | 2571 ||| DROPPING +0 buckler.
  2572 | D:4      | 2572 ||| UPGRADING to +4 ring of protection.
  2573 | D:4      | 2573 ||| READING scroll labelled XEOQI EFA FADI.
  2574 | D:4      | 2574 ||| READING scroll labelled VAXEGOZONK.
  2596 | Ossuary  | Entered an ossuary
  2619 | Ossuary  | 2619 ||| Stepping ~*~*~tactically~*~*~ (stealth).
  2772 | Ossuary  | 2772 ||| READING scroll of enchant armour.
  2772 | Ossuary  | 2772 ||| ENCHANTING +0 pair of gloves.
  2779 | Ossuary  | 2779 ||| READING scroll labelled LUALEMM OZXOON.
  2780 | Ossuary  | 2780 ||| DRINKING 2 puce potions.
  2781 | Ossuary  | 2781 ||| READING 2 scrolls of identify.
  2781 | Ossuary  | 2781 ||| IDENTIFYING clear potion
  2789 | D:4      | 2789 ||| PLANNING D:1-11
  2845 | D:4      | 2845 ||| Stepping ~*~*~tactically~*~*~ (stealth).
  2885 | D:4      | 2885 ||| Stepping ~*~*~tactically~*~*~ (stealth).
  2887 | D:4      | 2887 ||| Stepping ~*~*~tactically~*~*~ (hiding).
  2915 | D:4      | 2915 ||| Stepping ~*~*~tactically~*~*~ (stealth).
  2934 | D:4      | Reached XP level 7. HP: 39/42 MP: 0/7
  2963 | D:4      | 2963 ||| Stepping ~*~*~tactically~*~*~ (stealth).
  2964 | D:4      | 2964 ||| Stepping ~*~*~tactically~*~*~ (stealth).
  2965 | D:4      | 2965 ||| DROPPING +0 mace.
  2966 | D:4      | 2966 ||| Stepping ~*~*~tactically~*~*~ (stealth).
  2967 | D:4      | 2967 ||| Stepping ~*~*~tactically~*~*~ (stealth).
  2973 | D:4      | 2973 ||| Stepping ~*~*~tactically~*~*~ (stealth).
  3005 | D:4      | 3005 ||| Stepping ~*~*~tactically~*~*~ (stealth).
  3194 | D:4      | 3194 ||| UPGRADING to +0 chain mail.
  3204 | D:4      | 3204 ||| DROPPING +0 scale mail.
  3205 | D:4      | 3205 ||| READING 2 scrolls labelled GOS RUOSCHODOA.
  3206 | D:4      | 3206 ||| READING 2 scrolls labelled YSYUHONAFF.
  3207 | D:4      | 3207 ||| DROPPING scroll of immolation.
  3208 | D:4      | 3208 ||| DROPPING scroll of fear.
  3247 | D:5      | Entered Level 5 of the Dungeon
  3362 | D:5      | Noticed a yak
  3365 | D:5      | Noticed a yak
  3365 | D:5      | Noticed a yak
  3365 | D:5      | Noticed a yak
  3366 | D:5      | 3366 ||| Stepping ~*~*~tactically~*~*~ (stealth).
  3376 | D:5      | HP: 4/43 [yak (8)]
  3377 | D:5      | 3377 ||| READING 2 scrolls of teleportation.
  3378 | D:5      | Killed a yak
  3379 | D:5      | Reached skill level 6 in Shields
  3380 | D:5      | Killed a yak
  3381 | D:5      | Reached skill level 6 in Axes
  3381 | D:5      | 3381 ||| READING scroll of teleportation.
  3456 | D:5      | 3456 ||| Stepping ~*~*~tactically~*~*~ (stealth).
  3486 | D:5      | Reached XP level 8. HP: 48/48 MP: 0/8
  3540 | D:5      | Reached skill level 7 in Axes
  3726 | D:5      | Found a staircase to the Ecumenical Temple.
  3727 | D:5      | 3727 ||| PLANNING TEMPLE
  3727 | D:5      | 3727 ||| READING 2 scrolls of identify.
  3727 | D:5      | 3727 ||| IDENTIFYING ruby potion
  3728 | D:5      | 3728 ||| DROPPING potion of berserk rage.
  3738 | Temple   | Entered the Ecumenical Temple
  3768 | Temple   | 3768 ||| PLANNING OKAWARU WORSHIP
  4091 | Temple   | Became a worshipper of Warmaster Okawaru
  4092 | Temple   | 4092 ||| PLANNING D:1-11
  4139 | D:5      | 4139 ||| Stepping ~*~*~tactically~*~*~ (stealth).
  4142 | D:5      | 4142 ||| Stepping ~*~*~tactically~*~*~ (stealth).
  4321 | D:5      | HP: 8/49 [yak (12)]
  4322 | D:5      | HP: 3/49 [yak (7)]
  4323 | D:5      | Killed a yak
  4327 | D:5      | Killed a yak
  4327 | D:5      | Reached * piety under Okawaru
  4368 | D:5      | 4368 ||| Stepping ~*~*~tactically~*~*~ (hiding).
  4381 | D:5      | Reached skill level 1 in Invocations
  4384 | D:5      | 4384 ||| FLEEEEING.
  4385 | D:5      | 4385 ||| FLEEEEING.
  4386 | D:5      | 4386 ||| FLEEEEING.
  4387 | D:5      | 4387 ||| FLEEEEING.
  4388 | D:5      | 4388 ||| FLEEEEING.
  4398 | D:5      | Reached XP level 9. HP: 53/54 MP: 1/10
  4578 | D:5      | 4578 ||| UPGRADING to +5 ring of evasion.
  4580 | D:5      | 4580 ||| READING scroll labelled XOMIUX SENAX.
  4624 | D:6      | 4624 ||| READING scroll of enchant armour.
  4624 | D:6      | 4624 ||| ENCHANTING +1 pair of gloves.
  4645 | D:6      | Found a basalt altar of Yredelemnul.
  4679 | D:6      | 4679 ||| Stepping ~*~*~tactically~*~*~ (stealth).
  4690 | D:6      | Reached skill level 8 in Axes
  4691 | D:6      | 4691 ||| Stepping ~*~*~tactically~*~*~ (hiding).
  4697 | D:6      | 4697 ||| FLEEEEING.
  4698 | D:6      | 4698 ||| FLEEEEING.
  4699 | D:6      | 4699 ||| FLEEEEING.
  4700 | D:6      | 4700 ||| FLEEEEING.
  4701 | D:6      | 4701 ||| STAIRDANCE
  4709 | D:6      | 4709 ||| INVOKING Heroism.
  4715 | D:6      | Reached skill level 3 in Invocations
  4764 | D:6      | 4764 ||| INVOKING Heroism.
  4817 | D:6      | 4817 ||| Stepping ~*~*~tactically~*~*~ (hiding).
  4983 | D:6      | 4983 ||| INVOKING Heroism.
  5002 | D:6      | Reached skill level 6 in Fighting
  5044 | D:6      | Noticed Sigmund
  5045 | D:6      | 5045 ||| INVOKING Heroism.
  5051 | D:6      | Killed Sigmund
  5082 | D:6      | 5082 ||| Stepping ~*~*~tactically~*~*~ (hiding).
  5432 | D:7      | 5432 ||| Stepping ~*~*~tactically~*~*~ (hiding).
  5436 | D:7      | 5436 ||| INVOKING Heroism.
  5479 | D:7      | 5479 ||| INVOKING Heroism.
  5480 | D:7      | 5480 ||| Stepping ~*~*~tactically~*~*~ (stealth).
  5526 | D:7      | 5526 ||| Stepping ~*~*~tactically~*~*~ (stealth).
  5575 | D:7      | Reached skill level 9 in Axes
  5614 | D:7      | Found a runed translucent door.
  5614 | D:7      | Found a runed translucent door.
  5614 | D:7      | Noticed a boulder beetle
  5624 | D:7      | 5624 ||| Stepping ~*~*~tactically~*~*~ (hiding).
  5631 | D:7      | 5631 ||| INVOKING Heroism.
  5653 | D:7      | Reached XP level 10. HP: 40/60 MP: 2/13
  5660 | D:7      | 5660 ||| INVOKING Heroism.
  5923 | D:7      | 5923 ||| Stepping ~*~*~tactically~*~*~ (hiding).
  6142 | D:7      | 6142 ||| DROPPING +2 robe of resistance.
  6143 | D:7      | 6143 ||| UPGRADING to +0 plate armour.
  6153 | D:7      | 6153 ||| DROPPING +0 chain mail.
  6154 | D:7      | 6154 ||| DROPPING ring of flight.
  6155 | D:7      | 6155 ||| DRINKING 2 sedimented amethyst potions.
  6156 | D:7      | 6156 ||| DRINKING 2 purple potions.
  6157 | D:7      | 6157 ||| READING 2 scrolls of identify.
  6157 | D:7      | 6157 ||| IDENTIFYING metallic silvery potion
  6158 | D:7      | 6158 ||| DROPPING potion of ambrosia.
  6159 | D:7      | 6159 ||| DROPPING potion of brilliance.
  6317 | D:8      | 6317 ||| READING scroll of enchant armour.
  6317 | D:8      | 6317 ||| ENCHANTING +1 hat.
  6327 | D:8      | 6327 ||| INVOKING Heroism.
  6436 | D:8      | Found a runed translucent gate.
  6436 | D:8      | Found a runed translucent gate.
  6436 | D:8      | Found a runed translucent gate.
  6436 | D:8      | Noticed qw's ghost (novice GrHu)
  6436 | D:8      | Noticed qw's ghost (novice GrFi)
  6650 | D:8      | Noticed Grum
  6659 | D:8      | 6659 ||| INVOKING Heroism.
  6672 | D:8      | Killed Grum
  6685 | D:8      | 6685 ||| DROPPING +0 flail.
  6723 | D:8      | Reached skill level 6 in Armour
  6723 | D:8      | Reached ** piety under Okawaru
  6771 | D:8      | 6771 ||| SWAPPING to +3 war axe.
  6772 | D:8      | 6772 ||| DROPPING +1 war axe.
  7033 | D:8      | Reached skill level 9 in Shields
  7211 | D:8      | 7211 ||| DRINKING 2 potions of curing.
  7211 | D:8      | 7211 ||| (to cure confusion)
  7212 | D:8      | 7212 ||| Stepping ~*~*~tactically~*~*~ (hiding).
  7213 | D:8      | 7213 ||| Stepping ~*~*~tactically~*~*~ (hiding).
  7376 | D:8      | 7376 ||| DRINKING 2 yellow potions.
  7377 | D:8      | 7377 ||| READING 2 scrolls of identify.
  7377 | D:8      | 7377 ||| IDENTIFYING silvery potion
  7378 | D:8      | 7378 ||| DROPPING potion of invisibility.
  7454 | D:9      | Noticed a two-headed ogre
  7455 | D:9      | 7455 ||| INVOKING Heroism.
  7464 | D:9      | Killed a two-headed ogre
  7478 | D:9      | Found a staircase to the Lair.
  7528 | D:9      | 7528 ||| Stepping ~*~*~tactically~*~*~ (hiding).
  7529 | D:9      | Noticed a two-headed ogre
  7530 | D:9      | 7530 ||| INVOKING Heroism.
  7540 | D:9      | Reached skill level 10 in Axes
  7546 | D:9      | Killed a two-headed ogre
  7546 | D:9      | Reached *** piety under Okawaru
  7629 | D:9      | 7629 ||| Stepping ~*~*~tactically~*~*~ (stealth).
  7631 | D:9      | 7631 ||| INVOKING Heroism.
  7640 | D:9      | Reached XP level 11. HP: 68/68 MP: 2/14
  7792 | D:9      | 7792 ||| Stepping ~*~*~tactically~*~*~ (stealth).
  7794 | D:9      | 7794 ||| Stepping ~*~*~tactically~*~*~ (stealth).
  7958 | D:9      | 7958 ||| INVOKING Heroism.
  8012 | D:9      | 8012 ||| INVOKING Heroism.
  8173 | D:9      | Identified the ring of the Pariah {rElec rC+ Str+4 Int+6
                  | Dex-4}
  8262 | D:9      | Found a snail-covered altar of Cheibriados.
  8326 | D:9      | 8326 ||| PLANNING LAIR
  8326 | D:9      | 8326 ||| UPGRADING to ring of the Pariah {rElec rC+ Str+4
                  | Int+6 Dex-4}.
  8328 | D:9      | 8328 ||| READING 2 scrolls labelled RICRUVVY SUTRAPY.
  8340 | D:9      | 8340 ||| READING 2 scrolls of identify.
  8340 | D:9      | 8340 ||| IDENTIFYING metallic sapphire potion
  8341 | D:9      | 8341 ||| DROPPING scroll of torment.
  8388 | Lair:1   | Entered Level 1 of the Lair of Beasts
  8401 | Lair:1   | 8401 ||| READING scroll of enchant armour.
  8401 | Lair:1   | 8401 ||| ENCHANTING +0 cloak.
  8406 | Lair:1   | 8406 ||| INVOKING Heroism.
  8443 | Lair:1   | 8443 ||| INVOKING Heroism.
  8466 | Lair:1   | 8466 ||| INVOKING Heroism.
  8483 | Lair:1   | Reached skill level 11 in Axes
  8513 | Lair:1   | 8513 ||| Stepping ~*~*~tactically~*~*~ (stealth).
  8544 | Lair:1   | 8544 ||| Stepping ~*~*~tactically~*~*~ (stealth).
  8545 | Lair:1   | 8545 ||| Stepping ~*~*~tactically~*~*~ (stealth).
  8546 | Lair:1   | 8546 ||| Stepping ~*~*~tactically~*~*~ (stealth).
  8554 | Lair:1   | 8554 ||| Stepping ~*~*~tactically~*~*~ (stealth).
  8556 | Lair:1   | 8556 ||| INVOKING Heroism.
  8559 | Lair:1   | 8559 ||| Stepping ~*~*~tactically~*~*~ (stealth).
  8584 | Lair:1   | 8584 ||| Stepping ~*~*~tactically~*~*~ (stealth).
  8593 | Lair:1   | 8593 ||| INVOKING Heroism.
  8685 | Lair:1   | 8685 ||| Stepping ~*~*~tactically~*~*~ (hiding).
  8686 | Lair:1   | 8686 ||| Stepping ~*~*~tactically~*~*~ (hiding).
  8720 | Lair:1   | 8720 ||| INVOKING Heroism.
  8783 | Lair:1   | 8783 ||| INVOKING Heroism.
  8795 | Lair:1   | Reached skill level 9 in Fighting
  8836 | Lair:1   | 8836 ||| READING scroll of enchant weapon.
  8836 | Lair:1   | 8836 ||| ENCHANTING +3 war axe.
  8980 | Lair:1   | 8980 ||| INVOKING Heroism.
  9045 | Lair:1   | 9045 ||| INVOKING Heroism.
  9053 | Lair:1   | Reached **** piety under Okawaru
  9261 | Lair:1   | 9261 ||| Stepping ~*~*~tactically~*~*~ (hiding).
  9466 | Lair:1   | 9466 ||| Stepping ~*~*~tactically~*~*~ (stealth).
  9621 | Lair:1   | 9621 ||| READING scroll labelled FEYTHU TICUKHLE.
  9622 | Lair:1   | 9622 ||| READING scroll labelled PULAKHL RAHAWUY.
  9656 | Lair:2   | 9656 ||| INVOKING Heroism.
  9660 | Lair:2   | Reached XP level 12. HP: 71/76 MP: 3/15
  9663 | Lair:2   | Noticed a five-headed hydra
  9669 | Lair:2   | 9669 ||| SWAPPING to +2 flail of holy wrath.
  9672 | Lair:2   | Noticed a six-headed hydra
  9674 | Lair:2   | HP: 18/76 [yak (9)]
  9675 | Lair:2   | 9675 ||| READING 4 scrolls of teleportation.
  9675 | Lair:2   | HP: 8/76 [cane toad (6)]
  9675 | Lair:2   | Slain by a five-headed hydra

Levels and vault maps discovered:
D:1:      psy_arrival_radial01, layout_basic, dilly_ecumenical_altar_fadedgnrine
D:2:      layout_rooms
D:3:      layout_loops_ring, kennysheep_pointless_box, uniq_jessica
D:4:      minmay_polygon_palace, layout_cave_pools, nicolae_ossuary_entry_ruins
D:5:      layout_basic, minmay_temple_entry_large_hall, minmay_diced_spiral
D:6:      layout_rooms, overflow_temple_1_default, minmay_manual_mares,
          uniq_sigmund
D:7:      minmay_the_grid_triangle_9x9_rhombus_full
          [minmay_the_grid_triangle_9x9_flanged_cone,
          minmay_the_grid_triangle_9x9_cache,
          minmay_the_grid_triangle_9x9_longest,
          minmay_the_grid_triangle_9x9_pentomino_pain,
          minmay_the_grid_triangle_9x9_descending_squares,
          minmay_the_grid_triangle_9x9_intruding_spiral,
          minmay_the_grid_triangle_9x9_tough_junction,
          minmay_the_grid_triangle_9x9_prize_insulated], layout_rooms,
          uniq_crazy_yiuf_cottage
D:8:      layout_loops_corners, gammafunk_ghost_cemetery,
          minmay_misc_feat_secret_circle, uniq_grum
D:9:      layout_basic, slow_altar_2, lair_entry_dummy,
          nicolae_twisty_statue_hallways
Temple:   mainiacjoe_temple_cubbyholes
Lair:1:   layout_concentric_octagons, infiniplex_staircase_pool_2
Lair:2:   layout_regular_city, minmay_swamp_entry_swarm,
          nicolae_spider_entry_non_spiders, nzn_random_ring

Skill      XL: |  1  2  3  4  5  6  7  8  9 10 11 |
---------------+----------------------------------+-----
Axes           | 2 3 4 5 6 7 9 10 11 | 11.8
Dodging        | 1 2 |  2.2
Shields        | 4 6 7 8 9 10 | 10.0
Fighting       | 4 5 6 8 9 |  9.0
Invocations    | 2 4 5 |  5.9
Armour         | 4 6 8 |  8.0

Action                     |  1- 3 |  4- 6 |  7- 9 | 10-12 || total
---------------------------+-------+-------+-------+-------++-------
  Melee: War axe           |   134 |   208 |   367 |   392 ||  1101
         Flail             |       |       |       |     5 ||     5
 Invoke: Heroism           |       |       |     7 |    18 ||    25
    Use: Scroll            |     2 |    13 |     7 |    10 ||    32
         Potion            |     1 |     1 |       |     4 ||     6
 Armour: Scale mail        |    81 |    91 |     8 |       ||   180
         Chain mail        |       |       |   203 |    13 ||   216
         Plate armour      |       |       |       |   167 ||   167
  Dodge: Dodged            |    69 |    91 |   162 |   184 ||   506
  Block: Buckler           |    39 |    16 |       |       ||    55
         Kite shield       |       |    65 |   212 |   234 ||   511

Table legend:
 A = Non-vault XP
 B = Vault XP
 C = Vault XP percentage of total XP
 D = Non-vault monster count
 E = Vault monster count
 F = Vault count percentage of total count
                 A         B        C        D         E       F
            +---------+---------+-------+---------+---------+-------
      Total |   17581 |    2373 |  11.9 |     237 |      63 |  21.0
            +---------+---------+-------+---------+---------+-------
        D:1 |      43 |       0 |   0.0 |      26 |       0 |   0.0
        D:2 |      42 |       0 |   0.0 |      20 |       0 |   0.0
        D:3 |     115 |      37 |  24.3 |      17 |       1 |   5.6
        D:4 |     316 |     110 |  25.8 |      18 |      12 |  40.0
        D:5 |    1539 |     144 |   8.6 |      20 |       5 |  20.0
        D:6 |     733 |     434 |  37.2 |      29 |       3 |   9.4
        D:7 |     392 |    1137 |  74.4 |      20 |      13 |  39.4
        D:8 |    1559 |     418 |  21.1 |      20 |       3 |  13.0
        D:9 |    3563 |      18 |   0.5 |      18 |       1 |   5.3
     Lair:1 |    7606 |       0 |   0.0 |      41 |       0 |   0.0
     Lair:2 |    1673 |       0 |   0.0 |       8 |       0 |   0.0
    Ossuary |       0 |      75 | 100.0 |       0 |      25 | 100.0
            +---------+---------+-------+---------+---------+-------
